 Dungeon Crawl Stone Soup version 0.30-a0-341-g682706514a (webtiles) character file.

Game seed: 10616354825565783420

135 RascalDebosk the Blocker (level 5, 0/37 HPs)
             Began as a Gnoll Wanderer on Nov 3, 2022.
             Slain by Grinder (5 damage)
             ... on level 3 of the Dungeon.
             The game lasted 00:15:25 (2623 turns).

RascalDebosk the Blocker (Gnoll Wanderer)           Turns: 2623, Time: 00:15:26

Health: 0/37       AC:  8    Str:  8    XL:     5   Next: 18%
Magic:  9/9        EV: 11    Int: 14    God:
Gold:   76         SH:  6    Dex: 14    Spells: 10/10 levels left

rFire   . . .      SeeInvis .    a - +0 falchion
rCold   + . .      Faith    .    b - +0 buckler {AC+3}
rNeg    . . .      Spirit   .    n - +0 leather armour {rC+}
rPois   .          Reflect  .    (no helmet)
rElec   .          Harm     .    c - +0 cloak
rCorr   .          Rampage  .    s - +0 pair of gloves
Will    .....                    (no boots)
Stlth   ++........               f - amulet of regeneration
HPRegen 1.06/turn                (no ring)
MPRegen 0.11/turn                (no ring)

@: no status effects
A: fangs 1, strong nose, distributed training
a: no special abilities


You were on level 3 of the Dungeon.
You visited 1 branch of the dungeon, and saw 3 of its levels.

You collected 76 gold pieces.

Inventory:

Hand Weapons
 a - a +0 falchion (weapon)
Armour
 b - a +0 buckler of protection (worn)
 c - a +0 cloak (worn)
 n - a +0 leather armour of cold resistance (worn)
 s - a +0 pair of gloves (worn)
Magical Staves
 r - a staff of air
Jewellery
 f - an amulet of regeneration (around neck)
Scrolls
 d - 2 scrolls of fear
 i - 2 scrolls of teleportation {unknown}
 j - a scroll of enchant weapon {unknown}
 l - a scroll of acquirement {unknown}
 m - a scroll of vulnerability {unknown}
 o - a scroll of enchant armour {unknown}
 p - 6 scrolls of identify {unknown}
 q - a scroll of amnesia {unknown}
Potions
 e - a potion of degeneration {unknown}
 g - 2 potions of curing {unknown}
 h - a potion of berserk rage {unknown}
 k - a potion of lignification {unknown}


   Skills:
 + Level 1.4 Fighting
 + Level 1.4 Short Blades
 + Level 3.0 Long Blades
 + Level 1.4 Axes
 + Level 1.4 Maces & Flails
 + Level 1.4 Polearms
 + Level 1.4 Staves
 + Level 1.4 Ranged Weapons
 + Level 1.4 Throwing
 + Level 1.4 Armour
 + Level 1.4 Dodging
 + Level 4.4 Stealth
 + Level 8.6 Shields
 + Level 1.4 Unarmed Combat
 + Level 3.1 Spellcasting
 + Level 1.1 Conjurations
 + Level 1.1 Hexes
 + Level 1.1 Summonings
 + Level 1.1 Necromancy
 + Level 1.1 Translocations
 + Level 1.1 Transmutations
 + Level 1.1 Fire Magic
 + Level 1.1 Ice Magic
 + Level 1.1 Air Magic
 + Level 1.1 Earth Magic
 + Level 1.1 Poison Magic
 + Level 1.6 Invocations
 + Level 4.8 Evocations


You had 10 spell levels left.
You didn't know any spells.
Your spell library was empty.

Dungeon Overview and Level Annotations

Branches:
Dungeon (3/15)

Altars:

Annotations:
D:3 Grinder


Innate Abilities, Weirdness & Mutations

You have very sharp teeth.
Your uncanny sense of smell can sniff out nearby items.
Your experience applies equally to all skills.


Message History

You block the goblin's attack. The goblin hits you but does no damage.
The hobgoblin hits you but does no damage.
You hit the hobgoblin.
You kill the hobgoblin!
You block the goblin's attack.
You hit the goblin.
The goblin is moderately wounded.
The goblin hits you but does no damage.
You barely miss the goblin.
The goblin is moderately wounded.
The goblin barely misses you.
You hit the goblin.
You kill the goblin!
Your Long Blades skill increases to level 3!
Items here: ( )))))) [[ †††††.
You see here a +0 club.
You see here a hobgoblin corpse.
You see here a +0 club.
Items here: ( )))))) [[ †††††.
You now have 76 gold pieces (gained 18).
Grinder comes into view.
Items here: ( )))))) [[ †††††.
You see here 3 stones.
Items here: ( )))))) [[ †††††.
Grinder hits the bush but does no damage.
What are your orders? t - Bark!
Orders for allies: a - Attack new target. r - Retreat! s - Stop attacking. g - Guard the area. f - Follow me.
Anything else - Cancel.
You bark for attention!
Grinder shouts!
Items here: ( )))))) [[ †††††.
You see here 3 stones.
Grinder closely misses you.
Grinder blinks!
Grinder gestures at you.
You suddenly lose the ability to move!
You can move again.
You hit Grinder.
Grinder is lightly wounded.
Grinder hits you.
You writhe in agony.
You block Grinder's attack.
You hit Grinder.
Grinder is lightly wounded.
Grinder hits you.
Unknown command.
You hit Grinder.
Grinder is moderately wounded.
You block Grinder's attack.
You hit Grinder but do no damage.
Grinder is moderately wounded.
Grinder gestures at you. Pain shoots through your body!
You closely miss Grinder.
Grinder is moderately wounded.
You block Grinder's attack.
Grinder blinks!
Unknown command.
You see here a +0 club.
Grinder gestures at you. Pain shoots through your body!
* * * LOW HITPOINT WARNING * * *
Items here: ( )))))) [[ †††††.
Grinder completely misses you.
You barely miss Grinder.
Grinder is moderately wounded.
You block Grinder's attack.
You hit Grinder.
Grinder is moderately wounded.
Grinder gestures at you.
You barely resist. You hit Grinder but do no damage.
Grinder is moderately wounded.
Grinder hits you.
* * * LOW HITPOINT WARNING * * *
You writhe in agony.
* * * LOW HITPOINT WARNING * * *
You closely miss Grinder.
Grinder is moderately wounded.
You block Grinder's attack.
You closely miss Grinder.
Grinder is moderately wounded.
Grinder gestures at you.
You suddenly lose the ability to move!
Grinder hits you!
* * * LOW HITPOINT WARNING * * *
You writhe in agony.
* * * LOW HITPOINT WARNING * * *
Grinder gestures at you.
You barely resist. Grinder hits you.
* * * LOW HITPOINT WARNING * * *
You writhe in agony.
* * * LOW HITPOINT WARNING * * *
Grinder blinks!
You can move again.
Grinder blinks!
You hit Grinder.
Grinder is heavily wounded.
Grinder hits you.
You die...

P....# #......# .....#
#####.....#.
.#####....####........###
...................#.#.#.#.
...................#.......
#.................###.####
..# #...#########...### ♣.##
#.5># #...... P..P##.@.#
#...### ♣PP♣(#...## #.##### ♣
♣.†))....# ##......
P♣P♣.♣♣.......# #.......
#......)#.....# #..####.
###..###.##...## #.......
#........)###### #..####.
#.........)..#.## #.......
#.........##..#.######.......


You could see Grinder.

Vanquished Creatures
  An orc wizard (D:3)
  Robin (D:3)
  3 adders (D:3)
  A worm (D:2)
  2 dart slugs (D:1)
  3 orcs (D:3)
  5 endoplasms
  A giant cockroach (D:2)
  15 goblins
  7 hobgoblins
  2 jackals (D:2)
  A quokka (D:1)
  3 ball pythons
  3 bats (D:1)
  A frilled lizard (D:1)
  5 kobolds
  5 rats
  A bush (D:3)
60 creatures vanquished.

Vanquished Creatures (others)
  14 plants (D:3)
14 creatures vanquished.

Grand Total: 74 creatures vanquished

Notes
Turn   | Place    | Note
-------+----------+-------------------------------------------
     0 | D:1      | RascalDebosk the Gnoll Wanderer began the quest for the
                  | Orb.
     0 | D:1      | RascalDebosk set off with the following items: a +0
                  | falchion, a +0 buckler of protection, a +0 cloak, a scroll
                  | of fear, a +0 robe.
     0 | D:1      | Reached XP level 1. HP: 13/13 MP: 4/4
   121 | D:1      | Reached XP level 2. HP: 19/19 MP: 5/5
   567 | D:1      | Reached XP level 3. HP: 25/25 MP: 7/7
  1248 | D:2      | Reached skill level 1 in Invocations
  1878 | D:3      | Reached skill level 1 in Fighting
  1878 | D:3      | Reached skill level 1 in Short Blades
  1878 | D:3      | Reached skill level 1 in Axes
  1878 | D:3      | Reached skill level 1 in Maces & Flails
  1878 | D:3      | Reached skill level 1 in Polearms
  1878 | D:3      | Reached skill level 1 in Staves
  1878 | D:3      | Reached skill level 1 in Ranged Weapons
  1878 | D:3      | Reached skill level 1 in Throwing
  1878 | D:3      | Reached skill level 1 in Armour
  1878 | D:3      | Reached skill level 1 in Dodging
  1878 | D:3      | Reached skill level 1 in Unarmed Combat
  2098 | D:3      | Reached skill level 1 in Conjurations
  2098 | D:3      | Reached skill level 1 in Hexes
  2098 | D:3      | Reached skill level 1 in Summonings
  2098 | D:3      | Reached skill level 1 in Necromancy
  2098 | D:3      | Reached skill level 1 in Translocations
  2098 | D:3      | Reached skill level 1 in Transmutations
  2098 | D:3      | Reached skill level 1 in Fire Magic
  2098 | D:3      | Reached skill level 1 in Ice Magic
  2098 | D:3      | Reached skill level 1 in Air Magic
  2098 | D:3      | Reached skill level 1 in Earth Magic
  2098 | D:3      | Reached skill level 1 in Poison Magic
  2098 | D:3      | Reached XP level 4. HP: 29/32 MP: 8/8
  2278 | D:3      | Noticed Robin
  2524 | D:3      | Killed Robin
  2525 | D:3      | Reached XP level 5. HP: 37/37 MP: 9/9
  2558 | D:3      | Noticed Grinder
  2601 | D:3      | Paralysed by Grinder for 3 turns
  2616 | D:3      | Paralysed by Grinder for 5 turns
  2619 | D:3      | HP: 1/37 [Grinder (1)]
  2623 | D:3      | Slain by Grinder

Illustrated notes

Levels and vault maps discovered:
D:1:      psy_arrival_dodecagon, layout_loops_corners, minmay_tiny_reverse_x
D:2:      layout_basic
D:3:      layout_loops_cross, serial_forest, infiniplex_forest_end_2,
          infiniplex_forest_clump_curved, infiniplex_forest_clump_medium,
          infiniplex_forest_end_2, infiniplex_forest_lined_ring,
          infiniplex_forest_clump_long, infiniplex_forest_end_double,
          minmay_goblin_kobold_house, uniq_robin, uniq_grinder

Skill      XL: |  1  2  3  4  5 |
---------------+----------------+-----
Invocations    | 1 |  1.6
Fighting       | 1 |  1.4
Short Blades   | 1 |  1.4
Axes           | 1 |  1.4
Maces & Flails | 1 |  1.4
Polearms       | 1 |  1.4
Staves         | 1 |  1.4
Ranged Weapons | 1 |  1.4
Throwing       | 1 |  1.4
Armour         | 1 |  1.4
Dodging        | 1 |  1.4
Unarmed Combat | 1 |  1.4
Spellcasting   | 3 |  3.1
Conjurations   | 1 |  1.1
Hexes          | 1 |  1.1
Summonings     | 1 |  1.1
Necromancy     | 1 |  1.1
Translocations | 1 |  1.1
Transmutations | 1 |  1.1
Fire Magic     | 1 |  1.1
Ice Magic      | 1 |  1.1
Air Magic      | 1 |  1.1
Earth Magic    | 1 |  1.1
Poison Magic   | 1 |  1.1
Long Blades    | 3 |  3.0
Stealth        | |  4.4
Shields        | |  8.6
Evocations     | |  4.8

Action                   |  1- 3 |  4- 6 || total
-------------------------+-------+-------++-------
Melee: Falchion          |   262 |   132 ||   394
       Bite              |    38 |    22 ||    60
 Stab: Sleeping          |    10 |       ||    10
Armor: Robe              |    24 |       ||    24
       Leather armour    |     8 |    61 ||    69
Dodge: Dodged            |    33 |    97 ||   130
Block: Buckler           |    25 |    73 ||    98

Table legend: (Time is in decaauts)
 A = Elapsed time spent in this place.
 B = Non-inter-level travel time spent in this place.
 C = Inter-level travel time spent in this place.
 D = Time resting spent in this place.
 E = Time spent auto-exploring this place.
 F = Levels seen in this place.
 G = Mean time per level.
                   A        B        C        D        E       F      G
               +--------+--------+--------+--------+--------+-----+--------+
         Total |   2699 |   2641 |     58 |      0 |   1482 |   3 |  899.7 |
       Dungeon |   2699 |   2641 |     58 |      0 |   1482 |   3 |  899.7 |
               +--------+--------+--------+--------+--------+-----+--------+

Top non-repeatable levels by time:
     D:2: 1007 daAuts
     D:1: 884 daAuts
     D:3: 806 daAuts
